 Dungeon Crawl Stone Soup version 0.28-a0-79-g444c7a33f5 (webtiles) character file.

Game seed: 15065368075012151135

55 SolCadguy the Conjurer (level 3, -3/19 HPs)
             Began as a Tengu Conjurer on Aug 2, 2021.
             Slain by Grinder (6 damage)
             ... on level 3 of the Dungeon.
             The game lasted 00:04:51 (2582 turns).

SolCadguy the Conjurer (Tengu Conjurer)             Turns: 2582, Time: 00:04:51

Health: -3/19      AC:  5    Str:  7    XL:     3   Next: 93%
Magic:  2/7        EV: 10    Int: 19    God:
Gold:   18         SH:  0    Dex: 12    Spells: 3/6 levels left

rFire   . . .      SeeInvis .   e - +0 dagger
rCold   . . .      Faith    .   (no shield)
rNeg    . . .      Spirit   .   m - +0 ring mail
rPois   .          Reflect  .   (helmet restricted)
rElec   .          Harm     .   (no cloak)
rCorr   .          Rampage  .   (no gloves)
Will    .....                   (boots unavailable)
Stlth   +.........              (no amulet)
HPRegen 0.06/turn               (no ring)
MPRegen 0.10/turn               (no ring)

@: no status effects
A: beak, talons 3
a: no special abilities


You were on level 3 of the Dungeon.
You visited 1 branch of the dungeon, and saw 3 of its levels.

You collected 54 gold pieces.
You spent 36 gold pieces at shops.

Inventory:

Hand Weapons
 c - a +0 short sword
 e - a +0 dagger (weapon)
 o - a +0 quarterstaff
Armour
 a - a +0 robe
 g - a +0 leather armour
 m - a +0 ring mail (worn)
Jewellery
 i - an amulet of guardian spirit
Wands
 l - a wand of acid (9)
Scrolls
 b - 3 scrolls of identify {unknown}
 d - a scroll of enchant weapon {unknown}
 f - 3 scrolls of amnesia {unknown}
 k - a scroll of enchant armour {unknown}
Potions
 h - a potion of heal wounds {unknown}
 j - a potion of attraction {unknown}
 n - a potion of curing


   Skills:
 + Level 0.5 Armour
 - Level 2.1 Dodging
 - Level 2.0 Stealth
 - Level 2.0 Spellcasting
 + Level 7.1 Conjurations


You had 3 spell levels left.
You knew the following spells:

 Your Spells              Type           Power      Damage    Failure   Level
a - Magic Dart            Conj           100%       1d8       3%          1
b - Searing Ray           Conj           56%        3d5       4%          2

Your spell library contained the following spells:

 Spells                   Type           Power      Damage    Failure   Level
 Dazzling Flash           Conj/Hex       30%        N/A       38%         3
 Summon Small Mammal      Summ           4%         N/A       50%         1
 Call Canine Familiar     Summ           1%         N/A       86%         3
 Summon Guardian Golem    Hex/Summ       1%         N/A       86%         3
 Fulminant Prism          Conj/Hex       7%         3d7       80%         4
 Iskenderun's Mystic Bla  Conj/Tloc      15%        2d5       80%         4


Dungeon Overview and Level Annotations

Branches:
Dungeon (3/15)

Altars:

Shops:
D:2 !

Annotations:
D:3 Grinder


Innate Abilities, Weirdness & Mutations

You have a beak for a mouth.
You have claws for feet.


Message History

Casting: Searing Ray (safe; 4% risk of failure)
Confirm with . or Enter, or press ? or * to list all spells.
Aiming: Searing Ray (safe; 4% risk of failure)
Press: ? - help, Shift-Dir - straight line, f - ball python
Aim: a ball python (asleep, 100% to hit)
The searing ray hits the ball python!
You kill the ball python! (Press . to maintain the ray.) Magic restored.
You see here 13 sling bullets.
You now have 18 gold pieces (gained 10).
Found a hand axe.
Grinder comes into view.
Grinder shouts!
Grinder moves out of view.
Grinder barely misses you.
Casting: Searing Ray (safe; 4% risk of failure)
Confirm with . or Enter, or press ? or * to list all spells.
Aiming: Searing Ray (safe; 4% risk of failure)
Press: ? - help, Shift-Dir - straight line, f - Grinder
Aim: Grinder (77% to hit)
The searing ray hits Grinder!
Grinder is moderately wounded. (Press . to maintain the ray.) Grinder barely misses you.
The searing ray hits Grinder!
Grinder is heavily wounded.
Grinder barely misses you.
The searing ray hits Grinder.
Grinder is severely wounded.
Grinder hits you.
You writhe in agony.
Casting: Searing Ray (safe; 4% risk of failure)
Confirm with . or Enter, or press ? or * to list all spells.
Okay, then.
The searing ray hits Grinder!
Grinder is almost dead.
You finish channeling your searing ray.
Grinder hits you!
* * * LOW HITPOINT WARNING * * *
You writhe in agony.
You die...

###### ..... #...##
+....#
######=...#..#. ..[
#......)..#.......
+.....@....>.....
#......5..#..#..
#.....###.#..#.#
#........†#..#.#
#####.....#....#####.
#.....#<.........
#.....###........
#....(......#####
####....##..#


You could see Grinder.

Vanquished Creatures
  An orc (D:2)
  4 ball pythons
  6 bats
  4 endoplasms (D:1)
  A giant cockroach (D:1)
  6 hobgoblins
  4 jackals
  5 kobolds
  2 quokkas
  2 frilled lizards
  5 goblins (D:1)
  6 rats
46 creatures vanquished.

Notes
Turn   | Place    | Note
-------+----------+-------------------------------------------
     0 | D:1      | SolCadguy the Tengu Conjurer began the quest for the Orb.
     0 | D:1      | Reached XP level 1. HP: 10/10 MP: 4/4
   164 | D:1      | Reached XP level 2. HP: 8/15 MP: 0/6
   307 | D:1      | Reached skill level 6 in Conjurations
   370 | D:1      | Learned a level 2 spell: Searing Ray
   703 | D:1      | Reached XP level 3. HP: 19/19 MP: 5/7
  1236 | D:2      | Found a faded altar of an unknown god.
  1651 | D:2      | Reached skill level 7 in Conjurations
  1951 | D:2      | Found Josydghee's Distillery.
  1960 | D:2      | Bought a potion of curing for 36 gold pieces
  2575 | D:3      | Noticed Grinder
  2582 | D:3      | Slain by Grinder

Illustrated notes

Levels and vault maps discovered:
D:1:      shiori_shiawase, layout_basic
D:2:      layout_loops_ring, ebering_ecumenical_altar_sacrificial, serial_shops,
          nicolae_shop_behind_doors
D:3:      layout_basic, ebering_ghost_rock_garden, uniq_grinder

Skill      XL: |  1  2  3 |
---------------+----------+-----
Conjurations   | 6 7 |  7.1
Armour         | |  0.5
Dodging        | |  2.1
Stealth        | |  2.0
Spellcasting   | |  2.0

Action                   || total
-------------------------++-------
Melee: Unarmed           ||     2
       Kick              ||     6
       Short sword       ||     3
       Dagger            ||    29
       Peck              ||     1
 Cast: Magic Dart        ||    52
       Searing Ray       ||     9
 Stab: Sleeping          ||     2
Armor: Robe              ||     8
       Ring mail         ||     3
Dodge: Dodged            ||    26

Table legend: (Time is in decaauts)
 A = Elapsed time spent in this place.
 B = Non-inter-level travel time spent in this place.
 C = Inter-level travel time spent in this place.
 D = Time resting spent in this place.
 E = Time spent auto-exploring this place.
 F = Levels seen in this place.
 G = Mean time per level.
                   A        B        C        D        E       F      G
               +--------+--------+--------+--------+--------+-----+--------+
         Total |   2580 |   2523 |     57 |    526 |   1715 |   3 |  860.0 |
       Dungeon |   2580 |   2523 |     57 |    526 |   1715 |   3 |  860.0 |
               +--------+--------+--------+--------+--------+-----+--------+

Top non-repeatable levels by time:
     D:2: 1391 daAuts
     D:1: 1149 daAuts
     D:3: 39 daAuts
